 Dungeon Crawl Stone Soup version 0.17-a0-1519-g2001520 (webtiles) character file.

401617 Chiseanne the Hoplite (level 22, -11/169 HPs)
             Began as a Demonspawn Wanderer on July 12, 2015.
             Was an Initiate of Gozag.
             Mangled by a spriggan defender
             ... wielding a +2 rapier of holy wrath
              (23 damage)
             ... on level 3 of the Depths on July 13, 2015.
             The game lasted 04:29:43 (59840 turns).

Chiseanne the Hoplite (Demonspawn Wanderer)        Turns: 59840, Time: 04:29:43

Health: -11/169    AC: 19    Str: 25    XL:     22   Next: 29%
Magic:  0/31       EV: 22    Int: 13    God:    Gozag
Gold:   6789       SH: 21    Dex: 27    Spells: 1 memorised, 20 levels left

rFire  + + +     SeeInvis +     s - +4 broad axe (flame)
rCold  + + +     Clarity  +     E - +1 ring mail of the Salmon {rF- rC+ MR+ Dex+3}
rNeg   + . .     SustAt   .     J - +3 shield {reflect} {Donald}
rPois  +         Gourm    .     z - +0 helmet "Xyloelue" {+Inv rPois}
rElec  +         Spirit   +     r - +2 cloak {MR+}
rCorr  +         Warding  .     h - +0 pair of gloves
rMut   .         Stasis   .     (boots unavailable)
MR     +++++                    V - amulet of the Four Winds {Clar rN+ MR+++}
Stlth  ++........               j - ring of Gakhik {rF++ MP+9 Dex+3 SInv Stlth-}
                                k - ring of protection from cold

@: mighty, agile, resistant, almost entirely resistant to hostile enchantments,
unstealthy
A: hooves 3, molten scales 3, spiny 3, magic shield, magic regeneration
a: Potion Petition, Call Merchant, Bribe Branch, Renounce Religion, Evoke
Invisibility
}: 2/15 runes: decaying, gossamer


You were on level 3 of the Depths.
You worshipped Gozag.
Gozag was noncommittal.
You were not hungry.

You visited 9 branches of the dungeon, and saw 46 of its levels.
You also visited: Trove, Ossuary, Bailey and Ice Cave.

You collected 24219 gold pieces.
You spent 7371 gold pieces at shops.
You paid 10059 gold pieces to Gozag.

Inventory:

Hand weapons
 a - the +12 morningstar "Opleddel" {crush, Str+8 Int-2}
   (You took it off a deep elf demonologist on level 3 of the Elven Halls)

   It inflicts extra damage upon your enemies.
   It affects your strength (+8).
   It affects your intelligence (-2).
 e - the +4 hand crossbow "Sorgh" {flame, *Confuse +Inv rC+ Str+4}
   (You found it on level 11 of the Dungeon)

   It causes projectiles fired from it to burn those they strike, causing extra
   injury to most foes and up to half again as much damage against particularly
   susceptible opponents.
   It affects your strength (+4).
   It protects you from cold.
   It lets you turn invisible.
   It may confuse you when you take damage.
 s - a +4 broad axe of flaming (weapon)
 w - the +2 blowgun "Bourei" {evade, rPois rF+++ MR+ Str-2}
   (You took it off a spriggan defender on level 3 of the Depths)

   It affects your evasion (+5 to EV).
   It affects your strength (-2).
   It renders you almost immune to fire.
   It protects you from poison.
   It affects your resistance to hostile enchantments.
 U - the cursed +0 morningstar of Premature Burial {speed, *Noise MP+9 Str-2 Int+10}
   (You found it on level 2 of the Depths)

   Attacks with this weapon are significantly faster.
   It affects your strength (-2).
   It affects your intelligence (+10).
   It affects your magic capacity (+9).
   It may make noises in combat.
   It has a curse placed upon it.
Missiles
 c - 28 curare-tipped needles
 l - 14 bolts of flame
 p - 18 poisoned bolts
 t - 1307 bolts
 x - 44 bolts of penetration
Armour
 h - a +0 pair of gloves (worn)
 r - a +2 cloak of magic resistance (worn)
 z - the +0 helmet "Xyloelue" (worn) {+Inv rPois}
   (You found it on level 3 of the Spider Nest)

   It protects you from poison.
   It lets you turn invisible.
 C - the +3 scale mail of Day {MR++ Dex+4}
   (You found it on level 4 of the Spider Nest)

   It affects your dexterity (+4).
   It affects your resistance to hostile enchantments.
 E - the +1 ring mail of the Salmon (worn) {rF- rC+ MR+ Dex+3}
   (You found it on level 1 of the Depths)

   It affects your dexterity (+3).
   It makes you vulnerable to fire.
   It protects you from cold.
   It affects your resistance to hostile enchantments.
 J - a +3 shield of reflection (worn) {Donald}
Jewellery
 j - the ring of Gakhik (right hand) {rF++ MP+9 Dex+3 SInv Stlth-}
   (You found it on level 6 of the Dungeon)

   [ring of dexterity]

   It affects your dexterity (+3).
   It greatly protects you from fire.
   It affects your magic capacity (+9).
   It lets you see invisible.
   It makes you less stealthy.
 k - a ring of protection from cold (left hand)
 V - the amulet of the Four Winds (around neck) {Clar rN+ MR+++}
   (You found it in a treasure trove)

   [amulet of clarity]

   It provides mental clarity.
   It protects you from negative energy.
   It affects your resistance to hostile enchantments.
Magical devices
 d - a wand of teleportation (7)
 q - a wand of disintegration (0)
 v - a wand of digging (13)
 y - a wand of invisibility (4)
 A - a wand of teleportation (5)
 H - a wand of disintegration (15)
 M - a wand of fireball (0)
Scrolls
 b - 8 scrolls of fear
 g - 10 scrolls of teleportation
 i - 5 scrolls of fog
 u - 3 scrolls of magic mapping
 B - 5 scrolls of recharging
 K - a scroll of silence
 L - 9 scrolls of identify
 O - 13 scrolls of remove curse
Potions
 m - 3 potions of curing
 n - 4 potions of resistance
 S - 4 potions of cancellation
 W - a potion of invisibility
Miscellaneous
 f - a stone of tremors
 o - a phial of floods
 P - a box of beasts {used: 3}
 T - a lamp of fire
Comestibles
 D - 20 meat rations


   Skills:
 - Level 13.1 Fighting
   Level 1.0 Short Blades
 * Level 15.7(17.7) Axes
 - Level 14.3(17.1) Maces & Flails
   Level 1.7(9.7) Staves
 - Level 11.6 Crossbows
 - Level 13.5 Armour
 - Level 6.1 Dodging
 - Level 2.6 Stealth
 + Level 21.0 Shields
 - Level 1.0 Evocations


You had 20 spell levels left.
You knew the following spells:

 Your Spells              Type           Power        Failure   Level  Hunger
a - Apportation           Tloc           #.........   41%         1    ##.....


Dungeon Overview and Level Annotations

Branches:
Dungeon (15/15)            Temple (1/1) D:5            Lair (8/8) D:8
  Swamp (4/4) Lair:5       Spider (4/4) Lair:5        Slime (0/6) Lair:7
    Orc (4/4) D:11            Elf (3/3) Orc:3        Vaults (4/5) D:14
  Crypt (0/3) Vaults:3     Depths (3/5) D:15

Altars:
Ashenzari
Cheibriados
Dithmenos
Elyvilon
Fedhas
Gozag
Kikubaaqudgha
Makhleb
Nemelex Xobeh
Okawaru
Qazlal
Ru
Sif Muna
Trog
Vehumet
Xom
Yredelemnul
Zin
The Shining One
Beogh
Jiyva

Shops:
D:5 *   D:10 (   D:12 ([   D:14 *   D:15 !   Orc:4 ==}:   Elf:2 [   Elf:3 :}
Vaults:2 [   Vaults:4 =

Portals:
Hell: Depths:1 Depths:2
Pandemonium: Depths:3

Annotations:
Spider:2 exclusion: upstairs
Elf:2 3 runed doors


Innate Abilities, Weirdness & Mutations

You have hooves in place of feet.
You are completely covered in molten scales (AC +4, EV -1, rF+).
You are completely covered in sharp spines.
When hurt, damage is shared between your health and your magic reserves.
You regenerate magic rapidly.


Message History

The tengu reaver blocks your attack.
The tengu reaver is heavily wounded.
You slice the fire dragon!!
The fire dragon is heavily wounded.
You hit the fire dragon.
The fire dragon is lightly wounded.
The tengu reaver is struck by your spines.
The tengu reaver hits you with a broad axe of electrocution!!
* * * LOW HITPOINT WARNING * * *
The tengu reaver pecks you but does no damage.
You block the tengu reaver's attack. The fire dragon breathes flames at you.
The blast of flame hits you! You resist.
* * * LOW HITPOINT WARNING * * *
You block the fire dragon's attack. x2
The fire dragon barely misses you.
The spriggan defender is struck by your spines.
The spriggan defender hits you with a rapier of holy wrath!!
You die...
Your body crumbles into a pile of gold.

.......8..:....#.
...............'.
...............#
#.............### $
#...........##.######
#.........##..R....##
##.......##.........##
##.$$$.##Di.#####...##
...###$###@D.##...##...####
#......*)Q§i(#.....#.......
##X...#####.('.....#.######
#...# ##.#.)...###....#
#... #.##...#.#...... #...
#..######....... #..
#.......#....... #∩..#
##.......#.......
##....#####..[.....#.......


You could see 2 fire dragons, a tengu reaver, 2 spriggan defenders and a
rakshasa.

Vanquished Creatures
  An ancient lich (Depths:3)
  Norris (Depths:2)
  A caustic shrike (Depths:3)
  2 golden dragons (Depths:3)
  4 liches
  the Enchantress (Depths:2)
  A tentacled monstrosity (Depths:3)
  2 deep elf master archers
  2 deep elf blademasters (Elf:3)
  The ghost of scylark the Severer, a mighty HOFi of the Shining One (Swamp:4)
  A sphinx (D:14)
  An octopode crusher (Depths:1)
  Gastronok (D:10)
  3 thorn hunters (Swamp:4)
  A tengu reaver (Depths:3)
  Kirke (Swamp:2)
  The ghost of Niuu the Eclecticist, a mighty SpWz of Vehumet (Spider:1)
  A shadow dragon (Depths:3)
  8 fire giants
  4 ghost moths (Spider:4)
  Donald (Vaults:4)
  Maud (D:11)
  An iron dragon (Depths:3)
  10 vault wardens
  6 frost giants
  2 orc warlords
  4 deep elf sorcerers (Elf:3)
  A balrug (Depths:2)
  2 emperor scorpions (Spider:4)
  10 ironheart preservers
  4 spriggan defenders
  13 stone giants
  9 very ugly things
  2 vampire knights
  9 deep elf demonologists
  The ghost of Chiseanne the Quickloader, a powerful DsWn of Okawaru (D:15)
  Azrael (D:13)
  11 deep elf annihilators
  Snorg (D:11)
  6 deep elf death magi
  3 ettins
  A crystal guardian (Vaults:2)
  10 ogre magi
  Josephine (D:10)
  15 yaktaur captains
  9 great orbs of eyes
  20 hydras
  Harold (D:11)
  4 fire dragons
  A deep elf high priest (D:14)
  6 entropy weavers
  4 ice dragons
  2 alligators (Swamp:2)
  2 ghost crabs (Swamp:2)
  Erica (D:8)
  A ghost crab (shapeshifter) (Depths:3)
  7 rakshasas
  3 catoblepae
  5 deep troll shamans
  4 spriggan air magi
  11 centaur warriors
  4 dancing weapons (Elf:2)
  A vampire mage (Depths:2)
  7 death yaks
  2 orc high priests
  2 deep troll earth magi
  Urug (Lair:2)
  A tengu warrior (Depths:2)
  5 spriggan berserkers
  The ghost of comborobin the Quickloader, an experienced HaHu of Dithmenos (D:8)
  Sonja (D:14)
  Nergalle (Orc:1)
  20 deep elf knights
  An iron troll (Depths:1)
  An unseen horror (shapeshifter) (Depths:1)
  A shadow wraith (Vaults:4)
  2 unseen horrors
  4 wizards
  2 fire crabs
  13 deep elf summoners
  2 giant orange brains
  5 spriggan druids
  15 ironbrand convokers
  7 swamp dragons
  2 ice statues (IceCv)
  11 orc knights
  A deep troll (shapeshifter) (Vaults:4)
  2 flayed ghosts
  15 deep trolls
  Pikel (D:5)
  9 hill giants
  3 shambling mangroves
  17 deep elf conjurers
  2 phantasmal warriors (Vaults:3)
  7 necromancers
  A wolf spider (shapeshifter) (Depths:1)
  12 orb spiders
  3 harpies (Vaults:3)
  2 wolf spider zombies (D:14)
  A manticore (D:14)
  4 hornets
  8 griffons
  28 ugly things
  A water nymph (shapeshifter) (Depths:2)
  3 cyclopes
  An oklob plant (Lair:8)
  9 orc sorcerers
  8 black mambas
  2 stone giant zombies
  10 vault sentinels
  29 wolf spiders
  A frost giant skeleton (Depths:1)
  A sphinx skeleton (Vaults:4)
  Maurice (D:8)
  14 elephants
  Joseph (D:8)
  A fire giant skeleton (Vaults:3)
  4 centaur skeletons
  The ghost of Bikaver the Destroyer, an experienced DECj of Sif Muna (D:7)
  2 torpor snails (Lair:6)
  5 gargoyles
  8 komodo dragons
  A kobold demonologist (Vaults:2)
  16 spiny frogs
  2 spiny frogs (shapeshifter)
  A black mamba (shapeshifter) (D:13)
  52 yaktaurs
  A yaktaur zombie (Vaults:3)
  A yaktaur (shapeshifter) (Vaults:4)
  15 deep elf priests
  11 jumping spiders
  4 tengu conjurers
  An efreet (D:15)
  A merfolk (shapeshifter) (Vaults:3)
  13 demonic crawlers
  2 queen bees (shapeshifter)
  A queen bee (D:9)
  4 fire drakes
  A tengu simulacrum (Vaults:3)
  2 polar bears
  A blink frog (shapeshifter) (Vaults:3)
  7 freezing wraiths
  A hornet zombie (D:15)
  13 blink frogs
  3 wandering mushrooms (D:8)
  8 slime creatures
  Prince Ribbit (D:8)
  9 trolls
  4 boulder beetles
  5 bog bodies
  A boulder beetle (shapeshifter) (Vaults:2)
  A deep troll zombie (Depths:1)
  An ice dragon zombie (Depths:1)
  3 giant leeches
  A fire giant simulacrum (Depths:1)
  13 two-headed ogres
  3 air elementals (Depths:3)
  A tarantella (shapeshifter) (Vaults:2)
  37 redbacks
  A sphinx simulacrum (Vaults:4)
  An ettin zombie (Vaults:3)
  9 trapdoor spiders
  A stone giant simulacrum (Vaults:4)
  18 spriggans
  15 tarantellas
  A shadow (D:14)
  A basilisk (shapeshifter) (Elf:1)
  A water elemental (Depths:1)
  6 basilisks
  43 yaks
  A human (shapeshifter) (D:13)
  3 fire elementals (D:13)
  4 hogs (Swamp:2)
  A hungry ghost (D:8)
  2 mottled dragons
  Grum (D:11)
  2 wyverns
  10 wraiths
  14 hippogriffs
  22 deep elf magi
  32 vampire mosquitoes
  28 deep elf fighters
  3 hell hounds (D:13)
  A water moccasin (shapeshifter) (D:13)
  16 wolves
  11 insubstantial wisps (Swamp:3)
  A slave (D:5)
  4 wargs
  18 swamp worms
  9 swamp drakes (Swamp:4)
  16 water moccasins
  17 spiders
  A phantom (D:12)
  5 sky beasts
  20 ice beasts
  17 porcupines
  48 orc warriors
  21 wasps
  37 ogres
  2 necrophages
  2 black bears
  A tengu (shapeshifter) (Depths:2)
  4 eyes of draining
  15 boggarts
  14 centaurs
  2 brain worms
  4 big kobolds
  2 elf zombies
  16 crocodiles
  18 giant frogs
  4 human skeletons
  A wyvern zombie (D:14)
  17 killer bees (D:9)
  4 scorpions
  16 wights
  An elf skeleton (Vaults:3)
  A quasit (D:10)
  4 human zombies
  8 crimson imps
  2 jellies
  3 electric eels
  2 giant frog zombies (D:11)
  A wasp zombie (D:6)
  34 orc priests
  6 hounds
  38 orc wizards
  Jessica (D:2)
  Natasha (thrice) (D:2)
  9 iguanas
  25 sheep
  8 worker ants
  3 big kobold zombies (Ossuary)
  A hound zombie (D:6)
  2 mummies (Ossuary)
  A worker ant zombie (D:7)
  Robin (D:2)
  13 gnolls (Bailey)
  12 adders
  4 shadow imps
  30 river rats
  An ooze (D:1)
  7 giant geckos
  189 orcs
  7 giant cockroaches
  31 hobgoblins
  14 jackals
  54 kobolds
  3 quokkas
  4 ball pythons
  29 bats
  10 giant newts
  33 goblins
  A goblin zombie (Ossuary)
  3 hobgoblin zombies (Ossuary)
  5 orc zombies (Ossuary)
  15 rats
  2 briar patches (Swamp:4)
  12 fungi
  5 plants
2038 creatures vanquished.

Vanquished Creatures (collateral kills)
  A deep elf sorcerer (Elf:3)
  A deep elf demonologist (Elf:3)
  3 deep elf annihilators (Elf:3)
  A spriggan (Swamp:4)
  2 orb spiders (Spider:4)
  An ugly thing (Depths:2)
  A spiny frog (Swamp:4)
  A redback (Spider:4)
  3 wasps
  An ogre (Depths:3)
  2 orc priests (Orc:2)
  2 orcs (Orc:2)
19 creatures vanquished.

Vanquished Creatures (others)
  A yaktaur captain (Depths:1)
  2 deep elf high priests (Elf:3)
  An ogre mage (Depths:3)
  A vampire mage (Vaults:3)
  3 deep elf knights
  An unseen horror (D:12)
  A kobold demonologist (D:12)
  7 yaktaurs
  A freezing wraith (Vaults:2)
  A jumping spider (shapeshifter) (Depths:2)
  A fire drake (Swamp:4)
  A blink frog (Swamp:3)
  A yak (D:12)
  A basilisk (D:12)
  A human (Swamp:2)
  A deep elf fighter (Vaults:1)
  An eye of draining (D:12)
  3 centaurs
  2 orc wizards
  2 orcs (D:13)
  A giant cockroach (D:5)
  3 briar patches (Swamp:4)
  A fungus (Lair:8)
  3 plants
41 creatures vanquished.

Grand Total: 2098 creatures vanquished

Notes
Turn   | Place    | Note
--------------------------------------------------------------
     0 | D:1      | Chiseanne the Demonspawn Wanderer began the quest for the Orb.
     0 | D:1      | Chiseanne set off with: a +2 dagger, a scroll of fear, a +0 quarterstaff, a potion of lignification, a +0 robe, a bread ration
     0 | D:1      | Reached XP level 1. HP: 16/16 MP: 1/1
   221 | D:1      | Gained mutation: You are partially covered in molten scales (AC +1). [demonic ancestry]
   221 | D:1      | Reached XP level 2. HP: 16/23 MP: 2/2
   834 | D:1      | Gained mutation: You have large cloven feet. [demonic ancestry]
   834 | D:1      | Reached XP level 3. HP: 28/28 MP: 3/3
  1436 | D:2      | Noticed Jessica
  1454 | D:2      | Killed Jessica
  1454 | D:2      | Reached skill level 3 in Fighting
  1530 | D:2      | Noticed Natasha
  1546 | D:2      | Killed Natasha
  1546 | D:2      | Reached XP level 4. HP: 19/35 MP: 4/4
  2166 | D:2      | Noticed Natasha
  2167 | D:2      | Killed Natasha
  2167 | D:2      | Reached skill level 1 in Armour
  2244 | D:2      | Noticed Robin
  2253 | D:2      | Killed Robin
  2253 | D:2      | Gained mutation: When hurt, damage is shared between your health and your magic reserves. [demonic ancestry]
  2253 | D:2      | Reached XP level 5. HP: 31/42 MP: 5/5
  2450 | D:2      | Noticed Natasha
  2461 | D:2      | Killed Natasha
  2920 | D:3      | Reached skill level 4 in Fighting
  2995 | D:3      | Reached skill level 1 in Shields
  3153 | D:3      | Reached XP level 6. HP: 49/49 MP: 6/6
  3308 | D:3      | Found a sparkling altar of Nemelex Xobeh.
  3847 | D:4      | Found Joent's Magic Scroll Shop.
  3850 | D:4      | Bought a scroll of blinking for 82 gold pieces
  3900 | D:4      | Reached skill level 5 in Fighting
  4413 | D:5      | Entered Level 5 of the Dungeon
  4675 | D:5      | Noticed Pikel
  4693 | D:5      | Killed Pikel
  4693 | D:5      | Reached skill level 6 in Fighting
  4693 | D:5      | Gained mutation: You are partially covered in sharp spines. [demonic ancestry]
  4693 | D:5      | Reached XP level 7. HP: 58/58 MP: 7/7
  4762 | D:5      | Found Bareg's Assorted Antiques.
  4768 | D:5      | Bought a scroll labeled BOJANIRIEWO for 19 gold pieces
  4768 | D:5      | Bought a dyed leather armour for 38 gold pieces
  5042 | D:5      | Found a blossoming altar of Fedhas.
  5044 | D:5      | Found a shadowy altar of Dithmenos.
  5047 | D:5      | Found a deep blue altar of Sif Muna.
  5199 | D:5      | Found a staircase to the Ecumenical Temple.
  5212 | Temple   | Entered the Ecumenical Temple
  5396 | Temple   | Became a worshipper of Gozag Ym Sagoz the Greedy
  5500 | D:6      | Found a shattered altar of Ashenzari.
  5527 | D:6      | Gained mutation: You are mostly covered in molten scales (AC +3, EV -1). [demonic ancestry]
  5527 | D:6      | Reached XP level 8. HP: 63/65 MP: 8/8
  5639 | D:6      | Found a sand-covered staircase.
  5655 | Ossuary  | Entered an ossuary
  6054 | D:6      | Noticed a yak
  6058 | D:6      | Noticed a yak
  6059 | D:6      | Noticed a yak
  6075 | D:6      | Killed a yak
  6075 | D:6      | Reached skill level 7 in Fighting
  6080 | D:6      | Killed a yak
  6080 | D:6      | Reached skill level 5 in Shields
  6088 | D:6      | Killed a yak
  6246 | D:6      | Got a glittering bone ring
  6254 | D:6      | Identified the ring of Gakhik {rF++ MP+9 Dex+3 SInv Stlth-} (You found it on level 6 of the Dungeon)
  6520 | D:6      | Noticed a slime creature
  6540 | D:6      | Killed a slime creature
  6540 | D:6      | Reached skill level 8 in Fighting
  6540 | D:6      | Reached XP level 9. HP: 74/74 MP: 9/9
  6584 | D:6      | Noticed a yak
  6590 | D:6      | Killed a yak
  6838 | D:4      | Bought a scroll of vulnerability for 82 gold pieces
  6838 | D:4      | Bought a scroll of silence for 82 gold pieces
  6838 | D:4      | Bought a scroll of amnesia for 38 gold pieces
  6838 | D:4      | Bought a scroll of enchant weapon for 82 gold pieces
  6838 | D:4      | Bought a scroll of enchant weapon for 82 gold pieces
  6838 | D:4      | Bought a scroll of identify for 22 gold pieces
  6969 | D:5      | Bought a potion of resistance for 190 gold pieces
  6969 | D:5      | Bought a potion of curing for 57 gold pieces
  6969 | D:5      | Bought a cloak for 85 gold pieces
  7044 | D:7      | Reached skill level 5 in Armour
  7196 | D:7      | Noticed Bikaver's ghost (experienced DECj)
  7205 | D:7      | Killed Bikaver's ghost
  7648 | D:7      | Found a shimmering altar of Xom.
  8033 | D:7      | Reached skill level 9 in Fighting
  8126 | D:8      | Noticed Joseph
  8141 | D:8      | Killed Joseph
  8142 | D:8      | Found a staircase to the Lair.
  8205 | D:8      | Reached XP level 10. HP: 81/83 MP: 10/10
  8316 | D:8      | Noticed comborobin's ghost (experienced HaHu)
  8370 | D:8      | Killed comborobin's ghost
  8377 | D:8      | Reached skill level 10 in Fighting
  8606 | D:8      | Noticed Maurice
  8614 | D:8      | Killed Maurice
  8802 | D:8      | Noticed Prince Ribbit
  8812 | D:8      | Killed Prince Ribbit
  8845 | D:8      | Noticed Erica
  8853 | D:8      | Killed Erica
  9130 | D:9      | Found a flagged portal.
  9158 | Bailey   | Entered a bailey
  9342 | Bailey   | Reached XP level 11. HP: 92/92 MP: 11/11
  9446 | Bailey   | Reached skill level 11 in Fighting
 10320 | D:9      | Found a bloodstained altar of Trog.
 10701 | D:10     | Entered Level 10 of the Dungeon
 10729 | D:10     | Reached skill level 10 in Shields
 10757 | D:10     | Noticed a yaktaur captain
 10757 | D:10     | Noticed a yaktaur captain
 10777 | D:10     | Killed a yaktaur captain
 10783 | D:10     | Killed a yaktaur captain
 11175 | D:10     | Found Qasmiel's Antique Weapon Shoppe.
 11236 | D:10     | Noticed Gastronok
 11254 | D:10     | Killed Gastronok
 11254 | D:10     | Reached skill level 12 in Fighting
 11330 | D:10     | Noticed a hill giant
 11350 | D:10     | Killed a hill giant
 11377 | D:10     | Got a crude spear
 11378 | D:10     | Identified the cursed +0 spear "Muaseph" {pierce, Int+4} (You found it on level 10 of the Dungeon)
 11384 | D:10     | Noticed a hill giant
 11391 | D:10     | Killed a hill giant
 11410 | D:10     | Noticed a hill giant
 11428 | D:10     | Killed a hill giant
 11428 | D:10     | Gained mutation: You are mostly covered in sharp spines. [demonic ancestry]
 11428 | D:10     | Reached XP level 12. HP: 81/103 MP: 12/12
 11590 | D:10     | Reached skill level 5 in Maces & Flails
 11590 | D:10     | Gained mutation: You regenerate magic rapidly. [demonic ancestry]
 11590 | D:10     | Reached XP level 13. HP: 109/109 MP: 13/13
 11645 | D:10     | Noticed Josephine
 11655 | D:10     | Killed Josephine
 11892 | D:10     | Noticed an unseen horror
 11902 | D:10     | Killed an unseen horror
 11995 | D:10     | Noticed a hill giant
 12006 | D:10     | Killed a hill giant
 12320 | D:11     | Noticed Harold
 12346 | D:11     | Killed Harold
 12538 | D:11     | Got a crude leather armour
 12552 | D:11     | Identified the cursed +1 leather armour of Fortification {+Blink rElec rPois Slay-5} (You found it on level 11 of the Dungeon)
 12586 | D:11     | Found a radiant altar of Vehumet.
 12673 | D:11     | Noticed Maud
 12702 | D:11     | Killed Maud
 12702 | D:11     | Reached skill level 13 in Fighting
 12841 | D:11     | Got a warped hand axe
 12842 | D:11     | Identified the +6 hand axe "Jasokk" {vamp, rF+ Str+2 Stlth+} (You found it on level 11 of the Dungeon)
 12871 | D:11     | Found a staircase to the Orcish Mines.
 12881 | D:11     | Noticed Grum
 12905 | D:11     | Killed Grum
 13066 | D:11     | Got a jewelled hand crossbow
 13067 | D:11     | Identified the +4 hand crossbow "Sorgh" {flame, *Confuse +Inv rC+ Str+4} (You found it on level 11 of the Dungeon)
 13214 | D:12     | Found Wastreju's Antique Weapon Boutique.
 13265 | D:12     | Found Fishraun's Antique Armour Shoppe.
 13288 | D:12     | Reached skill level 1 in Crossbows
 13408 | D:12     | Bought a warped cloak for 304 gold pieces
 13422 | D:12     | Identified the cursed +0 cloak of the Other Side {MP+9 SInv} (You bought it in a shop on level 12 of the Dungeon)
 13445 | D:12     | Bought a pitted chain mail for 304 gold pieces
 13471 | D:12     | Identified the +0 chain mail of the Voivode {+Blink MR+ MP+9} (You bought it in a shop on level 12 of the Dungeon)
 13473 | D:12     | Bought a steaming scale mail for 288 gold pieces
 13485 | D:12     | Identified the cursed +0 scale mail of the Armadillo {*Corrode +Fly rF+ Regen+} (You bought it in a shop on level 12 of the Dungeon)
 13654 | D:12     | Found a shimmering altar of Xom.
 13982 | D:13     | Found a frozen archway.
 14008 | IceCv    | Entered an ice cave
 14724 | D:13     | Noticed Azrael
 14777 | D:13     | Killed Azrael
 14784 | D:13     | Reached skill level 5 in Crossbows
 14794 | D:13     | Reached XP level 14. HP: 48/118 MP: 14/14
 15876 | D:12     | Bought a glowing cloak for 144 gold pieces
 15876 | D:12     | Bought a warped plate armour for 896 gold pieces
 15899 | D:12     | Identified the +3 plate armour of the Wasteland {Int+4 Dex+5} (You bought it in a shop on level 12 of the Dungeon)
 16161 | D:14     | Found a runed door.
 16288 | D:14     | Noticed a sphinx
 16312 | D:14     | Killed a sphinx
 16333 | D:14     | Got a vibrating pewter ring
 16584 | D:14     | Identified the ring "Ythil" {Fire *Corrode MR+++ MP+9 Dex-3} (You took it off an orc wizard on level 14 of the Dungeon)
 16638 | D:14     | Found Seowkar's General Store.
 16651 | D:14     | Bought a potion of curing for 42 gold pieces
 16651 | D:14     | Bought a bread ration for 70 gold pieces
 16651 | D:14     | Bought 8 curare-tipped needles for 67 gold pieces
 16735 | D:14     | Found a gate to the Vaults.
 16922 | D:14     | Noticed Sonja
 16966 | D:14     | Killed Sonja
 17595 | D:14     | Reached skill level 10 in Armour
 17816 | D:12     | Bought a dazzling flail for 289 gold pieces
 17889 | D:15     | Entered Level 15 of the Dungeon
 17930 | D:15     | Found a staircase to the Depths.
 17930 | D:15     | Noticed a fire giant
 17956 | D:15     | Killed a fire giant
 18143 | D:15     | Noticed Chiseanne's ghost (powerful DsWn)
 18187 | D:15     | Killed Chiseanne's ghost
 18373 | D:15     | Found a portal to a secret trove of treasure.
 18393 | D:15     | Found Nuxo's Distillery.
 18397 | D:15     | Bought a potion of heal wounds for 95 gold pieces
 18397 | D:15     | Bought 2 potions of curing for 114 gold pieces
 18397 | D:15     | Bought a potion of poison for 19 gold pieces
 18397 | D:15     | Bought a potion of agility for 76 gold pieces
 18397 | D:15     | Bought a potion of flight for 57 gold pieces
 19110 | Orc:1    | Entered Level 1 of the Orcish Mines
 19124 | Orc:1    | Noticed Snorg
 19155 | D:11     | Killed Snorg
 19918 | Orc:1    | Noticed Nergalle
 19956 | Orc:1    | Killed Nergalle
 20179 | Orc:2    | Noticed an orc warlord
 20221 | Orc:2    | Killed an orc warlord
 20597 | Orc:2    | Reached skill level 14 in Shields
 20810 | Orc:2    | Found a roughly hewn altar of Beogh.
 20825 | Orc:2    | Gained mutation: You are completely covered in molten scales (AC +4, EV -1, rF+). [demonic ancestry]
 20825 | Orc:2    | Reached XP level 15. HP: 123/123 MP: 15/15
 21554 | Orc:3    | Found a staircase to the Elven Halls.
 21889 | Orc:4    | Entered Level 4 of the Orcish Mines
 22372 | Orc:4    | Found Neil's Jewellery Emporium.
 22372 | Orc:4    | Found Raaridys's Jewellery Emporium.
 22378 | Orc:4    | Found Foxtien's Gadget Shoppe.
 22426 | Orc:4    | Found Silo's Book Shoppe.
 22452 | Orc:4    | Bought a cursed -2 ring of strength for 22 gold pieces
 22459 | Orc:4    | Bought an uncursed amulet of regeneration for 390 gold pieces
 22529 | Orc:4    | Bought a +3 ring of slaying for 495 gold pieces
 22634 | Orc:4    | Found a roughly hewn altar of Beogh.
 23112 | Orc:4    | Bought a wand of digging (16) for 560 gold pieces
 23112 | Orc:4    | Bought a wand of invisibility (4) for 112 gold pieces
 23112 | Orc:4    | Bought a wand of teleportation (5) for 378 gold pieces
 23123 | Orc:4    | Bought an uncursed ring of protection from cold for 275 gold pieces
 23358 | Lair:1   | Entered Level 1 of the Lair of Beasts
 24604 | Lair:2   | Identified a scroll of acquirement
 24835 | Lair:2   | Noticed Urug
 24847 | Lair:2   | Killed Urug
 25885 | Lair:4   | Found an opulent altar of Gozag.
 26382 | Lair:4   | Reached skill level 10 in Crossbows
 27008 | Lair:5   | Found a staircase to the Swamp.
 27203 | Lair:5   | Found a hole to the Spider Nest.
 27626 | Lair:6   | Identified the +10 flail of Annoyance {pain, Str+2} (You bought it in a shop on level 12 of the Dungeon)
 28882 | Lair:7   | Reached skill level 15 in Shields
 29315 | Lair:7   | Found a staircase to the Slime Pits.
 29315 | Lair:7   | Found a viscous altar of Jiyva.
 29618 | Lair:7   | You are sucked into a shaft!
 29618 | Lair:8   | Entered Level 8 of the Lair of Beasts
 29636 | Lair:8   | Reached XP level 16. HP: 124/130 MP: 16/16
 31283 | D:15     | Bought a potion of might for 76 gold pieces
 31283 | D:15     | Bought a potion of might for 76 gold pieces
 31283 | D:15     | Bought a potion of might for 76 gold pieces
 31283 | D:15     | Bought a potion of might for 76 gold pieces
 31283 | D:15     | Bought a potion of haste for 190 gold pieces
 31472 | D:12     | Bought a heavily jewelled robe for 182 gold pieces
 31472 | D:12     | Bought an ominously black robe for 182 gold pieces
 31483 | D:12     | Identified the +2 robe of Wiskumon {rN+ MR- Str+8} (You bought it in a shop on level 12 of the Dungeon)
 31493 | D:12     | Identified the +1 robe "Jig Opao" {rElec MR- Str+8} (You bought it in a shop on level 12 of the Dungeon)
 31712 | D:15     | Learned a level 1 spell: Apportation
 31716 | D:15     | Upgraded the game from 0.17-a0-1515-gfae3d72 to 0.17-a0-1519-g2001520
 32084 | Swamp:1  | Entered Level 1 of the Swamp
 32144 | Swamp:1  | Reached skill level 1 in Axes
 33059 | Swamp:2  | Noticed Kirke
 33084 | Swamp:2  | Killed Kirke
 33393 | Swamp:2  | Got a turquoise-encrusted leather armour
 33405 | Swamp:2  | Identified the +2 leather armour "Teonit" {Str+5 Stlth+} (You found it on level 2 of the Swamp)
 34204 | Swamp:4  | Entered Level 4 of the Swamp
 34677 | Swamp:4  | Reached skill level 16 in Shields
 34693 | Swamp:3  | Reached skill level 5 in Axes
 34858 | Swamp:4  | Noticed scylark's ghost (mighty HOFi)
 34904 | Swamp:4  | Killed scylark's ghost
 35012 | Swamp:4  | Gained mutation: You have hoof-like feet. [demonic ancestry]
 35012 | Swamp:4  | Reached XP level 17. HP: 35/136 MP: 16/17
 35475 | Swamp:4  | Got a decaying rune of Zot
 35740 | Spider:1 | Entered Level 1 of the Spider Nest
 35855 | Spider:1 | Noticed Niuu's ghost (mighty SpWz)
 35976 | Spider:1 | Killed Niuu's ghost
 36407 | Spider:3 | Got a crude helmet
 36466 | Spider:3 | Identified the +0 helmet "Xyloelue" {+Inv rPois} (You found it on level 3 of the Spider Nest)
 37730 | Spider:3 | Reached skill level 17 in Shields
 37769 | Spider:4 | Entered Level 4 of the Spider Nest
 37774 | Spider:4 | Got a scorched scale mail
 37822 | Spider:3 | Identified the +3 scale mail of Day {MR++ Dex+4} (You found it on level 4 of the Spider Nest)
 38872 | Spider:4 | Got a gossamer rune of Zot
 39432 | D:15     | You paid a toll of 17 potions of curing to enter a treasure trove
 39433 | Trove    | Entered a treasure trove
 39436 | Trove    | Got a faintly glowing pewter ring
 39438 | Trove    | Got a translucent steel amulet
 39456 | Trove    | Got a shimmering platinum ring
 39483 | Trove    | Identified the ring "Atah" {rN+ Int+7 SInv Stlth-} (You found it in a treasure trove)
 39485 | Trove    | Identified the ring "Uhereim" {+Fly rF+ MR+ Str+6} (You found it in a treasure trove)
 39487 | Trove    | Identified the amulet "Lucusey" {Inacc Dex+3} (You found it in a treasure trove)
 39501 | Trove    | Got a translucent jade ring
 39535 | Trove    | Identified the ring "Puloapsu" {+Inv Int+4} (You found it in a treasure trove)
 39851 | Vaults:1 | Entered Level 1 of the Vaults
 39986 | Vaults:1 | Reached XP level 18. HP: 85/143 MP: 18/18
 41727 | Elf:1    | Entered Level 1 of the Elven Halls
 41745 | Elf:1    | Reached skill level 10 in Axes
 42894 | Elf:1    | Reached skill level 18 in Shields
 43156 | Elf:2    | Found Caotih's Armour Boutique.
 43506 | Elf:2    | Found a runed gate.
 43506 | Elf:2    | Found a runed gate.
 43507 | Elf:2    | Found a runed gate.
 43750 | Elf:3    | Entered Level 3 of the Elven Halls
 43750 | Elf:3    | Found Anwouloa's Food Emporium.
 43755 | Elf:3    | Bought a meat ration for 55 gold pieces
 43755 | Elf:3    | Bought a beef jerky for 16 gold pieces
 43755 | Elf:3    | Bought a beef jerky for 16 gold pieces
 43755 | Elf:3    | Bought a slice of pizza for 16 gold pieces
 43755 | Elf:3    | Bought 4 fruits for 66 gold pieces
 43755 | Elf:3    | Bought a royal jelly for 22 gold pieces
 43755 | Elf:3    | Bought a beef jerky for 16 gold pieces
 43755 | Elf:3    | Bought a bread ration for 55 gold pieces
 43755 | Elf:3    | Bought a meat ration for 55 gold pieces
 43768 | Elf:3    | Found Remusch's Book Shoppe.
 44140 | Elf:3    | Found Fesuck's Gadget Shop.
 44161 | Elf:3    | Bought a box of beasts for 340 gold pieces
 44202 | Elf:3    | Found a radiant altar of Vehumet.
 44472 | Elf:3    | Noticed a Brimstone Fiend
 44476 | Elf:3    | HP: 1/143 [Brimstone Fiend/blast of hellfire[a deep elf demonologist] (27)]
 45231 | Elf:3    | Reached XP level 19. HP: 109/149 MP: 19/19
 45978 | Elf:3    | Got a bloodstained morningstar
 46195 | Elf:3    | Identified the +12 morningstar "Opleddel" {crush, Str+8 Int-2} (You took it off a deep elf demonologist on level 3 of the Elven Halls)
 46284 | Elf:3    | Got an encrusted flail
 46295 | Elf:3    | Identified the +5 flail "Nowoxtecej" {holy, MR+ Int+3} (You took it off a deep elf annihilator on level 3 of the Elven Halls)
 46330 | Elf:3    | Identified the Tome of Execration
 46394 | Elf:3    | Identified Loivat's Papyrus of Dark Magic
 47119 | Vaults:2 | Noticed a lich
 47141 | Vaults:2 | Killed a lich
 47365 | Vaults:2 | Got an ichor-stained morningstar
 47500 | Vaults:2 | Identified the +9 morningstar of Dim Light {venom, +Fly Int+2 Dex+4} (You took it off an ogre mage on level 2 of the Vaults)
 48189 | Vaults:2 | Reached skill level 19 in Shields
 49321 | Vaults:2 | Found Teadghiur's Armour Shoppe.
 49867 | Vaults:3 | Reached skill level 10 in Maces & Flails
 49877 | Vaults:3 | Gained mutation: You have hooves in place of feet. [demonic ancestry]
 49877 | Vaults:3 | Reached XP level 20. HP: 137/156 MP: 20/20
 50554 | Vaults:3 | Found a staircase to the Crypt.
 50744 | Vaults:3 | You fall through a shaft!
 51759 | Vaults:4 | Found Pesua's Jewellery Shoppe.
 51836 | Vaults:4 | Noticed Donald
 51854 | Vaults:4 | Killed Donald
 53187 | Vaults:3 | Found a basalt altar of Yredelemnul.
 53692 | Depths:1 | Entered Level 1 of the Depths
 53814 | Depths:1 | Reached skill level 20 in Shields
 54309 | Depths:1 | Gained mutation: You are completely covered in sharp spines. [demonic ancestry]
 54309 | Depths:1 | Reached XP level 21. HP: 143/162 MP: 21/21
 54370 | Depths:1 | Got a pitted ring mail
 54959 | Depths:1 | Found a gateway to Hell.
 55020 | Depths:1 | Found a runed door.
 56069 | Depths:2 | Got a steaming morningstar
 56072 | Depths:2 | Identified the cursed +1 ring mail of the Salmon {rF- rC+ MR+ Dex+3} (You found it on level 1 of the Depths)
 56073 | Depths:2 | Identified the cursed +0 morningstar of Premature Burial {speed, *Noise MP+9 Str-2 Int+10} (You found it on level 2 of the Depths)
 56673 | Depths:2 | Noticed Norris
 56698 | Depths:2 | Killed Norris
 56838 | Depths:2 | Noticed the Enchantress
 56887 | Depths:2 | Killed the Enchantress
 56890 | Depths:2 | Got a faerie dragon armour
 57097 | Depths:2 | Identified the +1 faerie dragon armour {rPois MP+9 Str+3 Stlth-} (You took it off the Enchantress on level 2 of the Depths)
 58354 | Depths:3 | Noticed an ancient lich
 58374 | Depths:3 | Killed an ancient lich
 58731 | Depths:3 | Noticed a caustic shrike
 58746 | Depths:3 | Killed a caustic shrike
 58746 | Depths:3 | Reached skill level 15 in Axes
 58746 | Depths:3 | Reached XP level 22. HP: 47/169 MP: 13/22
 58751 | Depths:3 | Got an iridescent blowgun
 59066 | Depths:2 | Identified the cursed +2 blowgun "Bourei" {evade, rPois rF+++ MR+ Str-2} (You took it off a spriggan defender on level 3 of the Depths)
 59117 | Depths:3 | Found a one-way gate leading to the halls of Pandemonium.
 59648 | Depths:3 | Reached skill level 21 in Shields
 59840 | Depths:3 | Mangled by a spriggan defender

Vault maps used:
D:1:      dpeg_arrival_rhombi, serial_bayou_ford_a, minivault_26,
          serial_park_tiny_pond, serial_bayou_crossing
D:2:      uniq_jessica, uniq_natasha, uniq_robin
D:3:      nicolae_overflow_crystal_walls
D:4:      serial_shops, kennysheep_mini_moat
D:5:      grunt_temple_overflow_open, minmay_temple_entry_poolview, first_bread,
          serial_shops, shop, uniq_pikel
D:6:      cheibrodos_ashenzari_chains, nicolae_ossuary_entry_monument,
          minmay_three_doors
D:7:      overflow_temple_1_default
D:8:      dpeg_oklobed_lair, uniq_joseph, uniq_maurice, uniq_erica,
          uniq_prince_ribbit1
D:9:      trog_eyes_of_draining, enter_bailey_3, david_nohive_1,
          nicolae_two_hexagons
D:10:     minmay_diamond_stairs, uniq_josephine, uniq_gastronok
D:11:     orc_0_dummy, basic_altar, uniq_maud, uniq_grum, uniq_harold
D:12:     serial_shops, shop, xom_confusion_cloud
D:13:     portal_ice_cave_entry_ice_beasts, uniq_azrael
D:14:     david_vaults_1, serial_shops, nicolae_shop_statue_plus, minivault_23,
          minivault_13, uniq_sonja
D:15:     grunt_enter_depths_giant_problem, serial_shops, shop,
          hangedman_decor_growths, enter_trove_3
Temple:   oiseaux_autumnal_temple_12
Lair:2:   beast_lair_carwin_2, infiniplex_staircase_pool_2, uniq_urug
Lair:3:   hangedman_lair_unloving_vines
Lair:4:   wad_woods_minihive, basic_altar, infiniplex_staircase_pool
Lair:5:   nicolae_swamp_entry_splash_gauntlet, spider_nest_entry_a,
          serial_bayou, serial_bayou_pond_d, serial_bayou_pond_d,
          serial_bayou_pond_b, serial_bayou_pond_c, serial_bayou_pond_d
Lair:7:   slime_altar_1, kennysheep_basilisk_garden
Lair:8:   grunt_lair_end_beastmaster, dpeg_stationary_puzzle
Swamp:1:  evilmike_swamp_ruin_house_5, swamp_pool5
Swamp:2:  evilmike_swamp_ruin_house_1, uniq_kirke
Swamp:3:  nicolae_swamp_round_clearing, uniq_mara, uniq_louise
Swamp:4:  swamp_alternative
Spider:1: nicolae_spider_ant_collections
Spider:3: cheibrodos_spider_creepycove, nicolae_spider_webs_and_nodes,
          spider_trap, nicolae_crawler_farm
Spider:4: guppyfry_spider_rune
Orc:1:    uniq_nergalle, uniq_snorg
Orc:2:    orc_temple
Orc:3:    nicolae_orc_pool_cavern, lemuel_statue_altar, uniq_nessos
Orc:4:    st_orc_mages, basic_altar
Elf:1:    minmay_elf_arrival_summoners, minivault_28
Elf:2:    serial_shops, shop
Elf:3:    minmay_elf_hall_x, serial_shops, nicolae_shop_statue_plus, shop,
          shop_statue, nicolae_shop_stone, shop, basic_altar,
          minmay_crystal_room, small_statue_intersection
Vaults:1: vaults_room_corners, nicolae_vaults_shelves_hall, v_misc_24,
          ontoclasm_vaults_claustrophobia, vaults_dpeg_ring,
          ontoclasm_vaults_hangar, grunt_vaults_hallway_short,
          nicolae_vaults_little_squares_1, nicolae_vaults_rhombus_6,
          vaults_dpeg_spiral
Vaults:2: ontoclasm_vaults_chip, grunt_vaults_hallway_long,
          nicolae_vaults_rhombus_6, nicolae_vaults_ring_of_whatevers, v_misc_14,
          ontoclasm_vaults_spin, grunt_vaults_hallway_short, v_pattern_1,
          vaults_dpeg_cross, nicolae_vaults_big_ls, v_misc_17, st_star,
          ontoclasm_vaults_fault, vaults_mumra_minichess, v_misc_22,
          vaults_room_ringed_pool, serial_shops, nicolae_shop_waterfront
Vaults:3: minmay_crypt_entry_simple_box, v_misc_1, v_rooms_6,
          grunt_vaults_focal, serial_ice_h, st_diamondy, ontoclasm_vaults_eye,
          hangedman_vaults_slice, vaults_room_grunt_arrival_ludios,
          nicolae_vaults_what_the_h, v_alt_pattern_1, vaults_room_fancy_cross,
          basic_altar
Vaults:4: v_alt_pattern_6, nicolae_vaults_ninety_degrees, v_pattern_3,
          hangedman_vaults_snaps, ontoclasm_vaults_gateway,
          vaults_room_semicircle, ontoclasm_vaults_decontamination,
          ontoclasm_vaults_chip, nicolae_vaults_ring_of_whatevers,
          vaults_standard_mumra_enter_the_diamond, nicolae_vaults_shelves_hall,
          serial_shops, nicolae_shop_statue_plus, uniq_donald
Depths:1: nicolae_twisting_strands, hangedman_coc_ice_floe, moated_statue,
          kennysheep_treasure_room, firewood_loft
Depths:2: forest_paths, hell_entry, uniq_enchantress, uniq_norris
Depths:3: minmay_octagon_city, enter_ziggurat_d, grunt_hell_horde, pan_entry,
          basic_stair_grate_trap, uniq_nikola, uniq_sojobo
Trove:    trove_jewellery_lava
Ossuary:  minmay_ossuary_gauntlet
Bailey:   bailey_axe_2, bailey
IceCv:    ice_cave_statue_garden_01

Action                   |  1- 3 |  4- 6 |  7- 9 | 10-12 | 13-15 | 16-18 | 19-21 | 22-24 || total
-------------------------+-------+-------+-------+-------+-------+-------+-------+-------++-------
Melee: Dagger            |   124 |       |       |       |       |       |       |       ||   124
       Quarterstaff      |     6 |       |       |       |       |       |       |       ||     6
       Club              |     8 |   246 |   207 |       |       |       |       |       ||   461
       Whip              |       |       |   100 |   532 |  2105 |   399 |       |       ||  3136
       Broad axe         |       |       |       |       |   201 |  1491 |   540 |     4 ||  2236
       Morningstar       |       |       |       |       |       |       |  1195 |   148 ||  1343
 Fire: Blowgun           |       |       |       |    11 |    26 |       |    22 |       ||    59
       Hand crossbow     |       |       |       |       |   227 |   131 |    48 |       ||   406
Throw: Tomahawk          |       |       |     2 |     5 |       |       |       |       ||     7
       Javelin           |       |       |       |    10 |       |       |       |       ||    10
Invok: Call Merchant     |       |       |       |     1 |     1 |       |       |       ||     2
       Potion Petition   |       |       |       |       |       |     3 |    15 |     2 ||    20
Evoke: Wand              |       |       |       |     2 |    19 |     9 |    15 |       ||    45
       Phial of floods   |       |       |       |       |     1 |     3 |     3 |       ||     7
       Sack of spiders   |       |       |       |       |       |     6 |    19 |       ||    25
       Stone of tremors  |       |       |       |       |       |     1 |     2 |       ||     3
       Box of beasts     |       |       |       |       |       |       |     3 |       ||     3
       Lamp of fire      |       |       |       |       |       |       |     3 |       ||     3
  Use: Scroll            |     4 |    12 |    12 |     6 |    15 |    10 |    12 |     2 ||    73
       Potion            |     2 |     2 |     1 |     1 |     3 |    25 |     8 |       ||    42
 Stab: Sleeping          |     3 |     1 |     1 |       |       |       |       |       ||     5
       Distracted        |       |     2 |     1 |     6 |    15 |    13 |    31 |     4 ||    72
       Confused          |       |       |       |       |       |     1 |       |       ||     1
       Invisible         |       |       |       |       |       |    35 |    10 |       ||    45
  Eat: Chunk             |     2 |    11 |     2 |       |       |       |       |       ||    15
       Beef jerky        |       |       |     3 |       |     3 |     2 |     5 |       ||    13
       Fruit             |       |       |     7 |       |       |     7 |     4 |       ||    18
       Pizza             |       |       |     2 |     2 |     2 |     2 |       |       ||     8
       Royal jelly       |       |       |     1 |     5 |     3 |     3 |     3 |       ||    15
       Bread ration      |       |       |       |     1 |    11 |     6 |     5 |       ||    23
       Meat ration       |       |       |       |       |       |     4 |     2 |     1 ||     7
